| TOP OF THE 1ST |
|
Los Angeles Dodgers batting - Pitching for San Diego Padres : RHP Brian Allard
|
|
Pitching: RHP Brian Allard
|
|
|
Batting: RHB Billy Sample
|
0-0: Called Strike 0-1: Bunted foul 0-2: Ball 1-2: Ball 2-2: Ground out 6-3 (Groundball, 6, EV 85.0 MPH)
|
|
Batting: RHB Carney Lansford
|
0-0: Foul Ball, location: 2F 0-1: Ball 1-1: Fly out, F9 (Flyball, 9S, EV 84.4 MPH)
|
|
Batting: RHB Dick Davis
|
0-0: Ground out 5-3 (Groundball, 56S, EV 81.9 MPH)
|
| Top of the 1st over - 0 runs, 0 hits, 0 errors, 0 left on base; Los Angeles 0 - San Diego 0 |
| BOTTOM OF THE 1ST |
|
San Diego Padres batting - Pitching for Los Angeles Dodgers : RHP Mike Scott
|
|
Pitching: RHP Mike Scott
|
|
|
Batting: RHB Bob Dernier
|
0-0: Ball 1-0: Ground out 1-3 (Groundball, 15S, EV 67.5 MPH)
|
|
Batting: RHB Dennis Dungy
|
0-0: Called Strike 0-1: Foul Ball, location: 2F 0-2: Ball 1-2: Fly out, F4 (Popup, 4, EV 74.4 MPH)
|
|
Batting: LHB Tom Dunbar
|
0-0: Ball 1-0: Swinging Strike 1-1: Ball 2-1: Called Strike 2-2: Strikes out swinging
|
| Bottom of the 1st over - 0 runs, 0 hits, 0 errors, 0 left on base; Los Angeles 0 - San Diego 0 |
| TOP OF THE 2ND |
|
Los Angeles Dodgers batting - Pitching for San Diego Padres : RHP Brian Allard
|
|
Batting: RHB Gary Gaetti
|
0-0: Ball 1-0: Ball 2-0: Swinging Strike 2-1: Foul Ball, location: 2F 2-2: Foul Ball, location: 2F 2-2: Ball 3-2: Foul Ball, location: 2F 3-2: SOLO HOME RUN (Flyball, 78XD, EV 95.0 MPH), Distance : 406 ft
|
|
Batting: RHB Toby Harrah
|
0-0: Fly out, F4 (Flyball, 4D, EV 83.1 MPH)
|
|
Batting: SHB Chris W Smith
|
0-0: Foul Ball, location: 2F 0-1: Foul Ball, location: 2F 0-2: Ball 1-2: Strikes out swinging
|
|
Batting: RHB Roberto Reyes
|
0-0: Foul Ball, location: 2F 0-1: Ball 1-1: Called Strike 1-2: Ball 2-2: Ball 3-2: SINGLE (Groundball, 56D, EV 109.4 MPH)
|
|
Batting: RHB Dennis Littlejohn
|
0-0: Ball 1-0: 2-RUN HOME RUN (Flyball, 7D, EV 106.9 MPH), Distance : 385 ft
|
|
Batting: RHB Mike Scott
|
0-0: Reached on error, E6 (Groundball, 56, EV 98.1 MPH)
|
|
Batting: RHB Billy Sample
|
0-0: Ball 1-0: Ball 2-0: SINGLE (Line Drive, 9S, EV 110.0 MPH) Mike Scott to second Runner from 2nd tries for 3rd, SAFE, throw by RF made to third
|
|
Batting: RHB Carney Lansford
|
0-0: Ball 1-0: Ball 2-0: Called Strike 2-1: Fly out, F9 (Flyball, 9LS, EV 90.0 MPH)
|
| Top of the 2nd over - 3 runs, 4 hits, 1 error, 2 left on base; Los Angeles 3 - San Diego 0 |
| BOTTOM OF THE 2ND |
|
San Diego Padres batting - Pitching for Los Angeles Dodgers : RHP Mike Scott
|
|
Batting: LHB Jerry McDonald
|
0-0: Ball 1-0: Swinging Strike 1-1: Swinging Strike 1-2: Ground out 1-3 (Groundball, 13S, EV 66.9 MPH)
|
|
Batting: RHB Dave Edler
|
0-0: Called Strike 0-1: Ball 1-1: SINGLE (Line Drive, 6D, EV 96.3 MPH)
|
|
Batting: RHB Heriberto Soltero
|
0-0: Ball 1-0: Ball Dave Edler steals 2nd base 2-0: Foul Ball, location: 2F 2-1: Swinging Strike 2-2: Fly out, F8 (Line Drive, 8LM, EV 95.6 MPH)
|
|
Batting: LHB Darrell Porter
|
0-0: Foul Ball, location: 2F 0-1: Ball 1-1: Foul Ball, location: 2F 1-2: Ball 2-2: Ball 3-2: Foul Ball, location: 2F 3-2: Ground out U3 (Groundball, 34, EV 83.8 MPH)
|
| Bottom of the 2nd over - 0 runs, 1 hit, 0 errors, 1 left on base; Los Angeles 3 - San Diego 0 |
| TOP OF THE 3RD |
|
Los Angeles Dodgers batting - Pitching for San Diego Padres : RHP Brian Allard
|
|
Batting: RHB Dick Davis
|
0-0: Foul Ball, location: 2F 0-1: Swinging Strike 0-2: Ball 1-2: SOLO HOME RUN (Flyball, 78XD, EV 106.3 MPH), Distance : 408 ft
|
|
Batting: RHB Gary Gaetti
|
0-0: Called Strike 0-1: Foul Ball, location: 2F 0-2: SINGLE (Flyball, 78S, EV 87.5 MPH)
|
|
Batting: RHB Toby Harrah
|
0-0: Ball 1-0: Ball 2-0: Fly out, F9 (Flyball, 9D, EV 101.3 MPH)
|
|
Batting: SHB Chris W Smith
|
0-0: Called Strike 0-1: Fly out, F8 (Flyball, 8RXD, EV 100.0 MPH)
|
|
Batting: RHB Roberto Reyes
|
0-0: Called Strike 0-1: Called Strike 0-2: Foul Ball, location: 2F 0-2: Foul Ball, location: 2F 0-2: Ball Gary Gaetti steals 2nd base 1-2: Ball 2-2: Strikes out swinging
|
| Top of the 3rd over - 1 run, 2 hits, 0 errors, 1 left on base; Los Angeles 4 - San Diego 0 |
| BOTTOM OF THE 3RD |
|
San Diego Padres batting - Pitching for Los Angeles Dodgers : RHP Mike Scott
|
|
Batting: LHB Jeffrey Zitek
|
0-0: Called Strike 0-1: Ground out 5-3 (Groundball, 5, EV 97.5 MPH)
|
|
Batting: RHB Brian Allard
|
0-0: Swinging Strike 0-1: Ball 1-1: Called Strike 1-2: Strikes out swinging
|
|
Batting: RHB Bob Dernier
|
0-0: SINGLE (Groundball, 56D, EV 106.3 MPH)
|
|
Batting: RHB Dennis Dungy
|
0-0: Called Strike 0-1: Ground out 5-3 (Groundball, 56, EV 93.8 MPH)
|
| Bottom of the 3rd over - 0 runs, 1 hit, 0 errors, 1 left on base; Los Angeles 4 - San Diego 0 |
| TOP OF THE 4TH |
|
Los Angeles Dodgers batting - Pitching for San Diego Padres : RHP Brian Allard
|
|
Batting: RHB Dennis Littlejohn
|
0-0: Called Strike 0-1: Ball 1-1: Fly out, F9 (Line Drive, 9, EV 110.6 MPH)
|
|
Batting: RHB Mike Scott
|
0-0: Ball 1-0: Ball 2-0: Called Strike 2-1: Foul Ball, location: 2F 2-2: Fly out, F8 (Flyball, 8RS, EV 78.1 MPH)
|
|
Batting: RHB Billy Sample
|
0-0: Fly out, F5 (Line Drive, 5, EV 66.9 MPH)
|
| Top of the 4th over - 0 runs, 0 hits, 0 errors, 0 left on base; Los Angeles 4 - San Diego 0 |
| BOTTOM OF THE 4TH |
|
San Diego Padres batting - Pitching for Los Angeles Dodgers : RHP Mike Scott
|
|
Batting: LHB Tom Dunbar
|
0-0: Ball 1-0: Foul Ball, location: 2F 1-1: Ball 2-1: Foul Ball, location: 2F 2-2: DOUBLE (Groundball, 5L, EV 95.6 MPH)
|
|
Batting: LHB Jerry McDonald
|
0-0: Fly out, F7 (Line Drive, 7D, EV 96.9 MPH)
|
|
Batting: RHB Dave Edler
|
0-0: Ball 1-0: Foul Ball, location: 2F 1-1: Called Strike 1-2: Strikes out looking
|
|
Batting: RHB Heriberto Soltero
|
0-0: Foul Ball, location: 2F 0-1: Ball 1-1: Foul Ball, location: 2F 1-2: Foul Ball, location: 2F 1-2: Fly out, F9 (Flyball, 9LM, EV 100.6 MPH)
|
| Bottom of the 4th over - 0 runs, 1 hit, 0 errors, 1 left on base; Los Angeles 4 - San Diego 0 |
| TOP OF THE 5TH |
|
Los Angeles Dodgers batting - Pitching for San Diego Padres : RHP Brian Allard
|
|
Batting: RHB Carney Lansford
|
0-0: Foul Ball, location: 2F 0-1: Foul Ball, location: 2F 0-2: Ball 1-2: SINGLE (Groundball, 34D, EV 97.5 MPH)
|
|
Batting: RHB Dick Davis
|
0-0: Swinging Strike 0-1: Fly out, F8 (Flyball, 8RM, EV 93.8 MPH)
|
|
Batting: RHB Gary Gaetti
|
0-0: Called Strike 0-1: Ball 1-1: Called Strike 1-2: Ball 2-2: Strikes out looking
|
|
Batting: RHB Toby Harrah
|
0-0: Called Strike 0-1: Foul Ball, location: 2F 0-2: Ball 1-2: Ball 2-2: Ball 3-2: Foul Ball, location: 2F 3-2: Fly out, F7 (Flyball, 78XD, EV 91.9 MPH)
|
| Top of the 5th over - 0 runs, 1 hit, 0 errors, 1 left on base; Los Angeles 4 - San Diego 0 |
| BOTTOM OF THE 5TH |
|
San Diego Padres batting - Pitching for Los Angeles Dodgers : RHP Mike Scott
|
|
Batting: LHB Darrell Porter
|
0-0: Called Strike 0-1: Called Strike 0-2: Strikes out swinging
|
|
Batting: LHB Jeffrey Zitek
|
0-0: Called Strike 0-1: Called Strike 0-2: Ball 1-2: Foul Ball, location: 2F 1-2: Ball 2-2: Strikes out swinging
|
|
Batting: RHB Brian Allard
|
0-0: Called Strike 0-1: Swinging Strike 0-2: Strikes out swinging
|
| Bottom of the 5th over - 0 runs, 0 hits, 0 errors, 0 left on base; Los Angeles 4 - San Diego 0 |
| TOP OF THE 6TH |
|
Los Angeles Dodgers batting - Pitching for San Diego Padres : RHP Brian Allard
|
|
Batting: SHB Chris W Smith
|
0-0: Ground out 4-3 (Groundball, 4, EV 100.6 MPH)
|
|
Batting: RHB Roberto Reyes
|
0-0: Ball 1-0: Ground out 5-3 (Groundball, 5, EV 82.5 MPH)
|
|
Batting: RHB Dennis Littlejohn
|
0-0: Ball 1-0: SINGLE (Line Drive, 34, EV 108.1 MPH)
|
|
Batting: RHB Mike Scott
|
0-0: Ball 1-0: Fielders Choice at 2nd, 6-4 (Groundball, 6, EV 86.9 MPH)
|
| Top of the 6th over - 0 runs, 1 hit, 0 errors, 1 left on base; Los Angeles 4 - San Diego 0 |
| BOTTOM OF THE 6TH |
|
San Diego Padres batting - Pitching for Los Angeles Dodgers : RHP Mike Scott
|
|
Batting: RHB Bob Dernier
|
0-0: Swinging Strike 0-1: Ball 1-1: Ball 2-1: Fly out, F3 (Popup, 23F, EV 93.1 MPH)
|
|
Batting: RHB Dennis Dungy
|
0-0: Ball 1-0: Ball 2-0: Called Strike 2-1: Foul Ball, location: 2F 2-2: Foul Ball, location: 2F 2-2: Ball 3-2: Strikes out swinging, 2-3 out at first.
|
|
Batting: LHB Tom Dunbar
|
0-0: Foul Ball, location: 2F 0-1: Ball 1-1: Called Strike 1-2: Ball 2-2: Ball 3-2: Ground out U3 (Groundball, 3S, EV 85.0 MPH)
|
| Bottom of the 6th over - 0 runs, 0 hits, 0 errors, 0 left on base; Los Angeles 4 - San Diego 0 |
| TOP OF THE 7TH |
|
Los Angeles Dodgers batting - Pitching for San Diego Padres : RHP Brian Allard
|
|
Batting: RHB Billy Sample
|
0-0: Foul Ball, location: 2F 0-1: Ground out 5-3 (Groundball, 56, EV 108.8 MPH)
|
|
Batting: RHB Carney Lansford
|
0-0: Ball 1-0: Called Strike 1-1: Ground out 5-3 (Groundball, 56, EV 85.0 MPH)
|
|
Batting: RHB Dick Davis
|
0-0: Ball 1-0: Ball 2-0: Called Strike 2-1: Ball 3-1: Fly out, F8 (Flyball, 8LXD, EV 100.0 MPH)
|
| Top of the 7th over - 0 runs, 0 hits, 0 errors, 0 left on base; Los Angeles 4 - San Diego 0 |
| BOTTOM OF THE 7TH |
|
San Diego Padres batting - Pitching for Los Angeles Dodgers : RHP Mike Scott
|
|
Batting: LHB Jerry McDonald
|
0-0: Swinging Strike 0-1: Foul Ball, location: 2F 0-2: Ball 1-2: Foul Ball, location: 2F 1-2: Ball 2-2: Strikes out looking
|
|
Batting: RHB Dave Edler
|
0-0: Ball 1-0: Called Strike 1-1: Foul Ball, location: 2F 1-2: Fly out, F3 (Popup, 3F, EV 55.0 MPH)
|
|
Batting: RHB Heriberto Soltero
|
0-0: Ball 1-0: Called Strike 1-1: Foul Ball, location: 2F 1-2: Strikes out swinging
|
| Bottom of the 7th over - 0 runs, 0 hits, 0 errors, 0 left on base; Los Angeles 4 - San Diego 0 |
| TOP OF THE 8TH |
|
Los Angeles Dodgers batting - Pitching for San Diego Padres : RHP Brian Allard
|
|
Pitching: LHP Jack W O'Connor
|
|
|
Batting: RHB Gary Gaetti
|
0-0: Ball 1-0: Foul Ball, location: 2F 1-1: Called Strike 1-2: Foul Ball, location: 2F 1-2: Foul Ball, location: 2F 1-2: Ball 2-2: Ball 3-2: Fly out, F9 (Line Drive, 9, EV 90.6 MPH)
|
|
Batting: RHB Toby Harrah
|
0-0: Ball 1-0: Foul Ball, location: 2F 1-1: Ground out 6-3 (Groundball, 6, EV 86.3 MPH)
|
|
Batting: SHB Chris W Smith
|
0-0: Ball 1-0: Foul Ball, location: 2F 1-1: Ball 2-1: Foul Ball, location: 2F 2-2: Foul Ball, location: 2F 2-2: Ground out 1-3 (Groundball, 34S, EV 67.5 MPH)
|
| Top of the 8th over - 0 runs, 0 hits, 0 errors, 0 left on base; Los Angeles 4 - San Diego 0 |
| BOTTOM OF THE 8TH |
|
San Diego Padres batting - Pitching for Los Angeles Dodgers : RHP Mike Scott
|
|
Batting: LHB Darrell Porter
|
0-0: Swinging Strike 0-1: Ground out 6-3 (Groundball, 6, EV 80.0 MPH)
|
|
Batting: LHB Jeffrey Zitek
|
0-0: Ball 1-0: Foul Ball, location: 2F 1-1: Ball 2-1: Ball 3-1: Ground out 5-3 (Groundball, 56S, EV 84.4 MPH)
|
|
Pinch Hitting: LHB Eric Attaway
|
0-0: Ball 1-0: Reached on error, E3 (Groundball, 34, EV 102.5 MPH)
|
|
Batting: RHB Bob Dernier
|
0-0: Called Strike 0-1: Ball 1-1: Ball 2-1: Called Strike 2-2: Strikes out swinging, 2-3 out at first.
|
| Bottom of the 8th over - 0 runs, 0 hits, 1 error, 1 left on base; Los Angeles 4 - San Diego 0 |
| TOP OF THE 9TH |
|
Los Angeles Dodgers batting - Pitching for San Diego Padres : LHP Jack W O'Connor
|
|
Pitching: RHP David Sandoval
|
|
|
Batting: RHB Roberto Reyes
|
0-0: Ball 1-0: Called Strike 1-1: Foul Ball, location: 2F 1-2: Strikes out looking
|
|
Batting: RHB Dennis Littlejohn
|
0-0: Ball 1-0: Ball 2-0: Ball 3-0: Base on Balls
|
|
Batting: RHB Mike Scott
|
0-0: Sac Bunt to 15S - play at second, runner OUT! 1-6
|
|
Batting: RHB Billy Sample
|
0-0: Fielders Choice at 2nd, 6-4 (Groundball, 6, EV 83.1 MPH)
|
| Top of the 9th over - 0 runs, 0 hits, 0 errors, 1 left on base; Los Angeles 4 - San Diego 0 |
| BOTTOM OF THE 9TH |
|
San Diego Padres batting - Pitching for Los Angeles Dodgers : RHP Mike Scott
|
|
Batting: RHB Dennis Dungy
|
0-0: Ball 1-0: Ball 2-0: Called Strike 2-1: Ball 3-1: Fly out, F8 (Flyball, 8RS, EV 90.6 MPH)
|
|
Batting: LHB Tom Dunbar
|
0-0: Ball 1-0: Called Strike 1-1: Ground out 4-3 (Groundball, 4M, EV 86.3 MPH)
|
|
Batting: LHB Jerry McDonald
|
0-0: Ball 1-0: Ball 2-0: Called Strike 2-1: Foul Ball, location: 2F 2-2: Foul Ball, location: 2F 2-2: Strikes out swinging
|
| Bottom of the 9th over - 0 runs, 0 hits, 0 errors, 0 left on base; Los Angeles 4 - San Diego 0 |
|